 Dungeon Crawl Stone Soup version 0.24-a0-70-gf44d0c5 (console) character file.

Game seed: 15362039507648113769

35 Duffy the Sneak (level 3, 0/28 HPs)
             Began as a Naga Fire Elementalist on Feb 6, 2019.
             Slain by a bullfrog skeleton (2 damage)
             ... on level 4 of the Dungeon.
             The game lasted 00:01:11 (575 turns).

Duffy the Sneak (Naga Fire Elementalist)             Turns: 575, Time: 00:01:12

Health: 0/28       AC:  2    Str: 10    XL:     3   Next: 35%
Magic:  0/6        EV: 10    Int: 16    God:
Gold:   2          SH:  0    Dex: 11    Spells: 2/6 levels left

rFire    . . .     SeeInvis +   c - 2 rations
rCold    . . .     Gourm    .   (no shield)
rNeg     . . .     Faith    .   a - +0 robe
rPois    +         Spirit   .   (no helmet)
rElec    .         Reflect  .   (no cloak)
rCorr    .         Harm     .   (no gloves)
MR       .....                  (no barding)
Stlth    ++........             (no amulet)
HPRegen  0.09/turn              (no ring)
MPRegen  0.10/turn              (no ring)

@: very slightly contaminated, very slow
A: large, see invisible, deformed body, poison resistance, slowness 2, slow
metabolism 1, spit poison 1, AC +1
a: Spit Poison


You were on level 4 of the Dungeon.
You were not hungry.

You visited 1 branch of the dungeon, and saw 4 of its levels.

You collected 2 gold pieces.

Inventory:

Armour
 a - a +0 robe (worn)
Scrolls
 f - a scroll of fear {unknown}
Potions
 b - a potion of curing {unknown}
 e - 2 potions of agility {unknown}
Comestibles
 c - 2 rations (in hand)
 d - 5 chunks of flesh


   Skills:
 - Level 1.5 Dodging
 - Level 3.0 Stealth
 + Level 2.0 Spellcasting
 + Level 3.0 Conjurations
 + Level 3.0 Fire Magic


You had 2 spell levels left.
You knew the following spells:

 Your Spells              Type           Power        Failure   Level  Hunger
h - Flame Tongue          Conj/Fire      ##...        6%          1    #......
l - Conjure Flame         Conj/Fire      ##......     17%         3    ###....

Your spell library contained the following spells:

 Spells                   Type           Power        Failure   Level  Hunger
 Magic Dart               Conj           ##..         6%          1    #......
 Throw Flame              Conj/Fire      ##....       9%          2    ###....
 Blink                    Tloc           N/A          30%         2    ###....
 Call Imp                 Summ           #.......     30%         2    ###....
 Slow                     Hex            #.......     30%         2    ###....
 Inner Flame              Hex/Fire       #.......     32%         3    ###....
 Mephitic Cloud           Conj/Pois/Air  #.......     38%         3    ###....
 Sticky Flame             Conj/Fire      ##......     50%         4    #####..
 Fireball                 Conj/Fire      ##........   85%         5    ######.


Dungeon Overview and Level Annotations

Branches:
Dungeon (4/15)
 Temple: D:4-7

Altars:


Innate Abilities, Weirdness & Mutations

You cannot wear boots.
Your serpentine skin is tough. (AC +1)
You have supernaturally acute eyesight. (SInv)
Armour fits poorly on your strangely shaped body.
Your system is resistant to poisons. (rPois)
You cover ground very slowly.
You have a slow metabolism.
You can spit poison.


Message History

The bullfrog skeleton barely misses you.
There is a stone staircase leading up here.
A worker ant comes into view.
The bullfrog skeleton hits you! The bullfrog skeleton hits you.
Cast which spell? (? or * to list)
Aiming: Flame Tongue (safe; 6% risk of failure)
Press: ? - help, Shift-Dir - straight line, f/p - bullfrog skeleton
Aim: a bullfrog skeleton (severely damaged)
The flame tongue hits the bullfrog skeleton.
The bullfrog skeleton is almost destroyed.
The bullfrog skeleton barely misses you.
The bullfrog skeleton closely misses you.
The bullfrog skeleton hits you but does no damage.
The bullfrog skeleton hits you. The bullfrog skeleton hits you. x2
Cast which spell? (? or * to list)
You don't have enough magic to cast that spell.
The bullfrog skeleton hits you.
You die...

###########.
#....$......
#...........
#.<.........
#...........
#...........
#...........
#..Z@.......
#...........
######.#....
.#.#.# a# .
.


You could see a bullfrog skeleton.

Vanquished Creatures
  An adder (D:2)
  An ooze (D:1)
  2 worms
  A leopard gecko (D:3)
  A giant cockroach (D:1)
  3 goblins
  2 hobgoblins (D:1)
  A quokka (D:2)
  2 bats
  A rat (D:3)
15 creatures vanquished.

Notes
Turn   | Place    | Note
-------+----------+-------------------------------------------
     0 | D:1      | Duffy the Naga Fire Elementalist began the quest for the
                  | Orb.
     0 | D:1      | Reached XP level 1. HP: 15/15 MP: 3/3
   111 | D:1      | Reached XP level 2. HP: 22/22 MP: 1/5
   292 | D:2      | Reached XP level 3. HP: 28/28 MP: 1/6
   297 | D:2      | Learned a level 3 spell: Conjure Flame
   573 | D:4      | HP: 1/28 [bullfrog skeleton (6)]
   575 | D:4      | Slain by a bullfrog skeleton

Vault maps used:
D:1:      dpeg_arrival_ratfight, layout_basic
D:2:      layout_basic
D:3:      layout_basic, chequers_temple_overflow_statue_of_worship,
          first_ration, corexii_leaking_fountain, uniq_grinder, uniq_natasha
D:4:      cheibrodos_helix_gallery, layout_rooms, lemuel_round_altar,
          marbit_many_paths, nicolae_ossuary_entry_false_entrances

Skill      XL: |  1  2 |
---------------+-------+-----
Conjurations   | 2 3 |  3.0
Dodging        | |  1.5
Stealth        | |  3.0
Spellcasting   | |  2.0
Fire Magic     | |  3.0

Action                   || total
-------------------------++-------
 Cast: Flame Tongue      ||    24
 Abil: Spit Poison       ||     8
Armor: Robe              ||     4
Dodge: Dodged            ||     7

Table legend:
 A = Non-vault XP
 B = Vault XP
 C = Vault XP percentage of total XP
 D = Non-vault monster count
 E = Vault monster count
 F = Vault count percentage of total count
                 A         B        C        D         E       F
            +---------+---------+-------+---------+---------+-------
      Total |      51 |       0 |   0.0 |      15 |       0 |   0.0
            +---------+---------+-------+---------+---------+-------
        D:1 |      15 |       0 |   0.0 |       5 |       0 |   0.0
        D:2 |      25 |       0 |   0.0 |       6 |       0 |   0.0
        D:3 |      11 |       0 |   0.0 |       4 |       0 |   0.0
            +---------+---------+-------+---------+---------+-------
